 Dungeon Crawl Stone Soup version 0.16-a0-2818-g1ef6e07 (webtiles) character file.

15017 BluebellGnoll the Ogre Mage (level 12, -2/124 HPs)
             Began as an Ogre Fire Elementalist on Nov 28, 2014.
             Was a High Priest of Okawaru.
             Slain by a soldier ant (14 damage)
             ... on level 2 of the Lair of Beasts.
             The game lasted 01:34:46 (15838 turns).

BluebellGnoll the Ogre Mage (OgFE)                 Turns: 15838, Time: 01:34:48

Health: -2/124     AC:  7    Str: 18    XL:     12   Next: 22%
Magic:  23/30      EV: 14    Int: 18    God:    Okawaru [*****.]
Gold:   808        SH:  0    Dex: 15    Spells: 8 memorised, 9 levels left

rFire  + . .     SeeInvis .     M - +5 halberd "Zupoleg" {drain, +Fly rElec rPois Str+2 Dex+3}
rCold  x . .     Clarity  .     T - +2 robe {MR+}
rNeg   . . .     SustAb   .     (shield restricted)
rPois  +         Gourm    .     b - +0 hat
rElec  +         Spirit   .     d - +1 cloak
rCorr  .         Warding  .     (gloves unavailable)
rMut   .         Stasis   .     (boots unavailable)
MR     ++...                    (no amulet)
Stlth  ++........               Q - +2 ring of dexterity
                                k - ring of fire

@: about to teleport, very slightly contaminated, very resistant to hostile
enchantments, unstealthy
A: unfitting armour, tough skin 1
a: Heroism, Finesse, Renounce Religion, Evoke Flight


You were on level 2 of the Lair of Beasts.
You worshipped Okawaru.
Okawaru was extremely pleased with you.
You were not hungry.

You visited 3 branches of the dungeon, and saw 13 of its levels.

You collected 808 gold pieces.

Inventory:

Hand weapons
 z - a +0 blowgun
 M - the +5 halberd "Zupoleg" (weapon) {drain, +Fly rElec rPois Str+2 Dex+3}
   (You found it on level 8 of the Dungeon)

   A truly terrible weapon, it drains the life of those it strikes.
   It affects your strength (+2).
   It affects your dexterity (+3).
   It insulates you from electricity.
   It protects you from poison.
   It lets you fly.
 P - a +0 giant spiked club
Missiles
 a - 5 steel javelins
 m - 132 stones
 q - 8 tomahawks of returning
 v - 3 large rocks (quivered)
 A - 51 poisoned needles
 C - 11 tomahawks
Armour
 b - a +0 hat (worn)
 d - a +1 cloak (worn)
 G - a +2 shield of positive energy
 T - a +2 robe of magic resistance (worn)
 U - a +1 robe of fire resistance
Magical staves
 u - an uncursed staff of energy
Jewellery
 k - a ring of fire (left hand)
 Q - a +2 ring of dexterity (right hand)
Magical devices
 g - a wand of lightning (0)
 x - a wand of digging (20)
 y - a wand of confusion (17)
 O - a wand of polymorph (2)
 W - a wand of disintegration (15)
Scrolls
 e - 2 scrolls of blinking
 f - 2 scrolls of magic mapping
 h - 3 scrolls of identify
 i - 5 scrolls of teleportation
 n - 3 scrolls of remove curse
 o - a scroll of vulnerability {unknown}
 w - a scroll of torment {unknown}
 K - a scroll of immolation {unknown}
 R - a scroll of fear
 Y - a scroll of holy word {unknown}
Potions
 t - 2 potions of berserk rage
 E - 2 potions of might
 F - a potion of invisibility
 H - 2 potions of brilliance
 I - a potion of resistance
 J - a potion of agility
 L - a potion of haste
 S - a potion of lignification
 X - a potion of heal wounds
Books
 r - a book of Air

   Spells                             Type                      Level
   *Shock                             Conjuration/Air              1
   Swiftness                          Charms/Air                   2
   Repel Missiles                     Charms/Air                   2
   Flight                             Charms/Air                   3
   Static Discharge                   Conjuration/Air              3
   Lightning Bolt                     Conjuration/Air              5
 D - a book of Conjurations

   Spells                             Type                      Level
   Magic Dart                         Conjuration                  1
   Searing Ray                        Conjuration                  2
   *Dazzling Spray                    Conjuration/Hexes            3
   Fulminant Prism                    Conjuration/Hexes            4
   Iskenderun's Mystic Blast          Conjuration                  4
   Iskenderun's Battlesphere          Conjuration/Charms           5
Miscellaneous
 p - a phial of floods
Comestibles
 c - 5 meat rations
 j - 8 bread rations
 l - 8 fruits
 s - 3 poisonous chunks of flesh
 B - 7 chunks of flesh


   Skills:
 - Level 9.4 Fighting
 - Level 3.3 Maces & Flails
 - Level 7.1 Throwing
 - Level 7.8 Dodging
 - Level 1.5 Stealth
 - Level 10.2 Spellcasting
 - Level 7.1 Conjurations
 - Level 2.1 Fire Magic
 + Level 5.0 Invocations
 + Level 3.9 Evocations


You had 9 spell levels left.
You knew the following spells:

 Your Spells              Type           Power        Failure   Level  Hunger
a - Flame Tongue          Conj/Fire      #####        1%          1    None
b - Throw Flame           Conj/Fire      #####.       1%          2    None
c - Conjure Flame         Conj/Fire      #####...     3%          3    None
d - Inner Flame           Hex/Fire       ###.....     17%         3    None
e - Sticky Flame          Conj/Fire      #####...     14%         4    ###....
f - Fireball              Conj/Fire      #####.....   34%         5    #####..
g - Shock                 Conj/Air       ###.         1%          1    None
h - Dazzling Spray        Conj/Hex       ###.....     6%          3    None


Dungeon Overview and Level Annotations

Branches:
Dungeon (10/15)            Temple (1/1) D:4            Lair (2/8) D:8
    Orc: D:9-12

Altars:
Ashenzari
Cheibriados
Dithmenos
Fedhas
Gozag
Kikubaaqudgha
Nemelex Xobeh
Okawaru
Qazlal
Sif Muna
Trog
Xom
Zin
The Shining One

Annotations:
D:9 runed door, exclusions: 3 doors and 1 more exclusion


Innate Abilities, Weirdness & Mutations

You are too large for most types of armour.
You have tough skin (AC +1).


Message History

The wolf closely misses you. The wolf closely misses you.
Casting: Sticky Flame
Confirm with . or Enter, or press ? or * to list all spells.
Aiming: Sticky Flame
Press: ? - help, Shift-Dir - straight line, f/p - wolf
Aim: a wolf (moderately wounded, lightly drained)
You feel a surge of power!
The sticky flame hits the wolf.
The wolf is heavily wounded.
The wolf is covered in liquid flames!
The wolf burns!
The wolf misses you.
The wolf burns!
The wolf bites you.
* * * LOW HITPOINT WARNING * * *
Read which item? (? for menu, Esc to quit)
As you read the scroll of teleportation, it crumbles to dust.
You feel strangely unstable.
The wolf burns!
You kill the wolf!
Okawaru accepts your kill.
Your Invocations skill increases to level 5!
The soldier ant stings you!
You die...

### ####### ####.#
#.#P..##########
#.##.#######...†...##.P..##
#..............#'''#.......
#.............##%..##......
##.........a.###..#..###....
#...####...@##...###...##...
##.#........#.....# ....##..
#.P.......###..a## ^.###..
#P.......## ..#.a .. ##.
#.....PP## ..###.a ##
##.....P.# .a.


aaa # #......#.##... a.a# ## ##..P...÷.###. .#. ##. #.P...#...## ##.. You could
see a soldier ant.

Vanquished Creatures
  Harold (D:10)
  2 hydras
  Joseph (D:10)
  A spiny frog (Lair:2)
  A queen ant (Lair:2)
  A komodo dragon (Lair:2)
  A fire drake (Lair:2)
  2 trolls (D:9)
  Grinder (D:4)
  Prince Ribbit (D:6)
  A two-headed ogre (D:9)
  A polar bear (D:9)
  A basilisk (Lair:2)
  8 yaks
  4 hippogriffs
  5 wolves (Lair:2)
  A steam dragon (D:10)
  7 soldier ants (Lair:2)
  A yellow wasp (D:8)
  2 porcupines
  An ice beast (D:8)
  An orc warrior (D:10)
  2 sky beasts (D:8)
  2 water moccasins (Lair:2)
  7 black bears (D:9)
  4 ogres
  2 crocodiles
  4 centaurs
  4 big kobolds (D:3)
  6 giant frogs
  2 scorpions (D:8)
  4 yak zombies (D:10)
  11 killer bees
  3 wights
  5 electric eels
  A centaur zombie (D:9)
  2 crimson imps
  2 goliath beetles
  7 hounds
  11 orc wizards
  4 giant frog skeletons
  2 jellies (D:9)
  4 orc priests
  A giant frog zombie (D:5)
  2 centaur skeletons
  3 iguanas
  2 killer bee zombies
  34 worker ants
  An ogre zombie (D:10)
  7 sheep
  Ijyb (D:5)
  A mummy (D:9)
  A hound zombie (D:8)
  2 hound skeletons
  16 adders
  4 gnolls (D:3)
  A giant mite (D:3)
  22 river rats (Lair:2)
  4 shadow imps
  3 worms
  An adder skeleton (D:8)
  5 giant geckos
  2 oozes (D:2)
  29 orcs
  5 ball pythons
  A bat skeleton (D:6)
  A bat zombie (D:8)
  A giant cockroach (D:2)
  16 goblins
  19 hobgoblins
  3 jackals (D:3)
  54 kobolds
  7 quokkas
  14 bats
  6 giant newts
  A giant spore (D:9)
  A jackal skeleton (D:9)
  14 rats
  2 ballistomycetes (D:9)
  A fungus (Lair:2)
422 creatures vanquished.

Vanquished Creatures (collateral kills)
  A yak (D:10)
  An ogre (D:10)
  A giant frog skeleton (D:10)
3 creatures vanquished.

Vanquished Creatures (others)
  A cyclops (D:10)
1 creature vanquished.

Grand Total: 426 creatures vanquished

Notes
Turn   | Place    | Note
--------------------------------------------------------------
     0 | D:1      | BluebellGnoll, the Ogre Fire Elementalist, began the quest for the Orb.
     0 | D:1      | Reached XP level 1. HP: 16/16 MP: 3/3
   319 | D:1      | Reached skill level 3 in Spellcasting
   371 | D:1      | Reached XP level 2. HP: 24/24 MP: 1/6
   375 | D:1      | Learned a level 2 spell: Throw Flame
  1089 | D:2      | Reached skill level 1 in Maces & Flails
  1199 | D:2      | Reached XP level 3. HP: 29/31 MP: 2/8
  1320 | D:2      | Reached skill level 1 in Fighting
  1358 | D:2      | Learned a level 3 spell: Conjure Flame
  1411 | D:2      | Reached XP level 4. HP: 39/41 MP: 2/10
  1569 | D:2      | Reached skill level 4 in Spellcasting
  2114 | D:2      | Reached XP level 5. HP: 47/50 MP: 5/13
  2161 | D:2      | Learned a level 3 spell: Inner Flame
  2612 | D:3      | Found a shattered altar of Ashenzari.
  2759 | D:3      | Reached skill level 1 in Conjurations
  2929 | D:3      | Found an opulent altar of Gozag.
  2947 | D:3      | Found an iron altar of Okawaru.
  2984 | D:3      | Reached XP level 6. HP: 25/59 MP: 3/15
  3389 | D:3      | Learned a level 4 spell: Sticky Flame
  4080 | D:3      | Reached XP level 7. HP: 65/67 MP: 6/17
  4848 | D:3      | Became a worshipper of Warmaster Okawaru
  5126 | D:4      | Found a snail-covered altar of Cheibriados.
  5126 | D:4      | Found a shadowy altar of Dithmenos.
  5127 | D:4      | Found a blossoming altar of Fedhas.
  5135 | D:4      | Found a bloodstained altar of Trog.
  5364 | D:4      | Found a staircase to the Ecumenical Temple.
  5388 | D:4      | Noticed Grinder
  5398 | D:4      | Killed Grinder
  5398 | D:4      | Reached skill level 5 in Fighting
  5398 | D:4      | Reached XP level 8. HP: 63/83 MP: 5/18
  5702 | D:4      | Reached skill level 6 in Fighting
  6019 | D:5      | Entered Level 5 of the Dungeon
  6101 | D:5      | Found a glowing silver altar of Zin.
  6440 | D:5      | Found an ancient bone altar of Kikubaaqudgha.
  6498 | D:5      | Noticed Ijyb
  6518 | D:5      | Killed Ijyb
  6543 | D:5      | Found a stormy altar of Qazlal.
  6787 | D:6      | Found a shimmering altar of Xom.
  6935 | D:6      | Reached skill level 7 in Fighting
  7016 | D:6      | Found a sparkling altar of Nemelex Xobeh.
  7064 | D:6      | Noticed Prince Ribbit
  7149 | D:6      | Found a deep blue altar of Sif Muna.
  7330 | D:6      | Killed Prince Ribbit
  7330 | D:6      | Reached skill level 5 in Dodging
  7854 | D:6      | Acquired Okawaru's first power
  7854 | D:6      | Reached skill level 5 in Spellcasting
  7989 | D:7      | Reached XP level 9. HP: 73/94 MP: 15/21
  8561 | D:8      | Reached skill level 1 in Throwing
  9171 | D:8      | Found a glowing golden altar of the Shining One.
  9223 | D:8      | Reached skill level 5 in Throwing
  9532 | D:8      | Found a staircase to the Lair.
  9628 | D:8      | Got a slimy halberd
  9629 | D:8      | Identified the +5 halberd "Zupoleg" {drain, +Fly rElec rPois Str+2 Dex+3} (You found it on level 8 of the Dungeon)
 10140 | D:9      | Reached XP level 10. HP: 61/104 MP: 10/25
 10589 | D:9      | Found a huge runed gate.
 10589 | D:9      | Found a huge runed gate.
 10589 | D:9      | Found a huge runed gate.
 10633 | D:9      | Reached skill level 8 in Spellcasting
 10871 | D:9      | Found a huge runed gate.
 11228 | D:9      | Learned a level 5 spell: Fireball
 11350 | D:9      | Reached skill level 9 in Spellcasting
 11572 | Temple   | Entered the Ecumenical Temple
 11859 | D:9      | Reached skill level 10 in Spellcasting
 11884 | D:9      | Received a gift from Okawaru
 12070 | D:10     | Entered Level 10 of the Dungeon
 12183 | D:10     | Learned a level 1 spell: Shock
 12277 | D:10     | Reached skill level 5 in Conjurations
 12277 | D:10     | Reached XP level 11. HP: 110/110 MP: 25/29
 12455 | D:10     | Noticed Harold
 12472 | D:10     | Killed Harold
 12472 | D:10     | Acquired Okawaru's second power
 13038 | D:10     | Noticed Joseph
 13051 | D:10     | Killed Joseph
 13051 | D:10     | Received a gift from Okawaru
 13492 | Lair:1   | Entered Level 1 of the Lair of Beasts
 13934 | Lair:1   | Noticed an eight-headed hydra
 13940 | Lair:1   | Killed an eight-headed hydra
 14360 | Lair:2   | Noticed a six-headed hydra
 14366 | Lair:2   | Killed a six-headed hydra
 14366 | Lair:2   | Received a gift from Okawaru
 14605 | Lair:2   | Found a glowing golden altar of the Shining One.
 14639 | Lair:2   | Reached skill level 1 in Invocations
 14639 | Lair:2   | Reached skill level 1 in Evocations
 14831 | Lair:2   | Learned a level 3 spell: Dazzling Spray
 15105 | Lair:2   | Reached XP level 12. HP: 100/124 MP: 30/30
 15838 | Lair:2   | Reached skill level 5 in Invocations
 15838 | Lair:2   | Slain by a soldier ant

Action                   |  1- 3 |  4- 6 |  7- 9 | 10-12 || total
-------------------------+-------+-------+-------+-------++-------
Melee: Club              |    37 |    17 |       |       ||    54
       Unarmed           |     8 |       |     4 |       ||    12
       Hand axe          |       |    52 |   154 |       ||   206
       Halberd           |       |       |    38 |   468 ||   506
Throw: Stone             |       |    14 |       |       ||    14
       Throwing net      |       |       |     1 |     1 ||     2
       Tomahawk          |       |       |     6 |     9 ||    15
       Large rock        |       |       |       |     7 ||     7
 Cast: Flame Tongue      |    41 |   136 |   235 |   158 ||   570
       Throw Flame       |       |     6 |    67 |    91 ||   164
       Conjure Flame     |       |       |    12 |    19 ||    31
       Shock             |       |       |       |    10 ||    10
       Sticky Flame      |       |       |       |     3 ||     3
       Dazzling Spray    |       |       |       |     2 ||     2
 Abil: Evoke Flight      |       |       |     1 |       ||     1
Evoke: Wand              |       |     1 |       |     1 ||     2
  Use: Potion            |       |     2 |     1 |     1 ||     4
       Scroll            |       |       |    18 |     7 ||    25
 Stab: Held in net/web   |       |       |     2 |       ||     2
       Sleeping          |       |       |       |     2 ||     2
  Eat: Chunk             |     2 |     8 |    21 |    21 ||    52
